 Dungeon Crawl Stone Soup version 0.25-a0-949-gdd2af9e06e (webtiles) character file.

Game seed: 7713819353402216018, levelgen mode: deterministic

11217 MisterFreud the Nimble (level 11, -3/69 HPs)
             Began as an Octopode Gladiator on May 8, 2020.
             Was an Elder of Cheibriados.
             Slain by a gargoyle
             ... wielding a cursed -3 morningstar
              (24 damage)
             ... on level 11 of the Dungeon.
             The game lasted 00:22:52 (15481 turns).

MisterFreud the Nimble (Octopode Gladiator)        Turns: 15481, Time: 00:22:52

Health: -3/69      AC:  1    Str: 22    XL:     11   Next: 74%
Magic:  7/7        EV: 28    Int: 23    God:    Cheibriados [****..]
Gold:   676        SH:  2    Dex: 27    Spells: 10/10 levels left

rFire    + + .     SeeInvis .   Z - +3 great sword of Compassion {antimagic, Fragile rC+++ rN+ Dex+4}
rCold    + + +     Gourm    .   (shield currently unavailable)
rNeg     + . .     Faith    .   b - +0 hat
rPois    .         Spirit   .   J - +2 amulet of reflection
rElec    .         Reflect  +   u - ring of protection from magic
rCorr    .         Harm     .   F - ring of flight
MR       ++...                  L - ring of protection from fire
Stlth    ++++++....             N - ring of magical power
HPRegen  0.21/turn              Q - ring of protection from magic
MPRegen  0.10/turn              X - ring of fire
                                Y - ring of protection from cold
                                (no ring)

@: very slow
A: almost no armour, stealthy swim, amphibious, 8 rings, constrict 8, camouflage
1, gelatinous body 1
a: Bend Time, Temporal Distortion, Slouch, Renounce Religion, Evoke Flight


You were on level 11 of the Dungeon.
You worshipped Cheibriados.
Cheibriados was greatly pleased with you.
You were not hungry.

You visited 2 branches of the dungeon, and saw 12 of its levels.
You also visited: Sewer.

You collected 761 gold pieces.
You spent 85 gold pieces at shops.

Inventory:

Hand Weapons
 a - a +0 long sword
 Z - the +3 great sword of Compassion (weapon) {antimagic, Fragile rC+++ rN+ Dex+4}
   (You found it on level 11 of the Dungeon)

   It reduces the magical energy of the wielder, and disrupts the spells and
   magical abilities of those hit.
   Natural abilities and divine invocations are not affected.
   It affects your dexterity (+4).
   It renders you almost immune to cold.
   It protects you from negative energy.
   It will be destroyed if unequipped.
Missiles
 c - 6 throwing nets (quivered)
 e - 43 sling bullets
 h - 112 arrows
 j - 351 stones
 k - 78 poisoned darts
 v - 17 boomerangs
 w - 75 bolts
 O - 2 boomerangs of dispersal
 P - 5 javelins
Armour
 b - a +0 hat (worn)
 C - a +0 buckler
Jewellery
 l - an uncursed amulet of the acrobat
 u - a ring of protection from magic (left tentacle)
 F - a ring of flight (right tentacle)
 J - a +2 amulet of reflection (around mantle)
 L - a ring of protection from fire (on tentacle)
 N - a ring of magical power (on tentacle)
 Q - a ring of protection from magic (on tentacle)
 X - a ring of fire (on tentacle)
 Y - a ring of protection from cold (on tentacle)
Wands
 I - a wand of random effects (35)
 M - a wand of flame (37)
 R - a wand of polymorph (8)
 T - a wand of enslavement (9)
Scrolls
 i - 2 scrolls of amnesia {unknown}
 n - 3 scrolls of random uselessness {unknown}
 o - 5 scrolls of magic mapping
 p - 2 scrolls of fog {unknown}
 r - 3 scrolls of remove curse
 s - 3 scrolls of immolation {unknown}
 y - 3 scrolls of teleportation
 E - a scroll of noise {unknown}
 G - a scroll of enchant weapon {unknown}
 H - 4 scrolls of enchant armour {unknown}
 K - a scroll of fear {unknown}
 U - 2 scrolls of blinking {unknown}
 V - a scroll of summoning {unknown}
Potions
 f - 2 potions of mutation
 g - a potion of ambrosia
 m - 3 potions of resistance
 q - 2 potions of haste
 x - a potion of brilliance {unknown}
 z - 2 potions of magic
 A - 8 potions of curing
 B - 2 potions of stabbing {unknown}
 D - 4 potions of flight
 S - 2 potions of heal wounds
Miscellaneous
 t - a phial of floods
Comestibles
 d - 22 rations
 W - 6 chunks of flesh


   Skills:
 - Level 4.0 Fighting
 + Level 9.4 Long Blades
 - Level 2.0 Throwing
 - Level 13.2 Dodging
 - Level 8.0 Stealth
 - Level 4.0 Shields
 + Level 4.5 Invocations


You had 10 spell levels left.
You didn't know any spells.
Your spell library contained the following spells:

 Spells                   Type           Power        Failure   Level  Hunger
 Animate Skeleton         Necr           N/A          16%         1    ##.....
 Apportation              Tloc           #.....       16%         1    ##.....
 Beastly Appendage        Tmut           #.....       16%         1    ##.....
 Corona                   Hex            #......      16%         1    ##.....
 Foxfire                  Conj/Fire      #...         16%         1    ##.....
 Freeze                   Ice            #...         16%         1    ##.....
 Shock                    Conj/Air       #...         16%         1    ##.....
 Summon Small Mammal      Summ           #...         16%         1    ##.....
 Sticks to Snakes         Tmut           #.......     24%         2    ###....
 Swiftness                Chrm/Air       #.......     24%         2    ###....
 Conjure Flame            Conj/Fire      #.......     43%         3    ####...
 Inner Flame              Hex/Fire       #.......     43%         3    ####...
 Spider Form              Tmut/Pois      #.........   43%         3    ####...
 Static Discharge         Conj/Air       #.......     43%         3    ####...
 Airstrike                Air            #.........   83%         4    #####..
 Ice Form                 Ice/Tmut       #.......     83%         4    #####..
 Sticky Flame             Conj/Fire      #.......     83%         4    #####..
 Blade Hands              Tmut           #.........   99%         5    ######.
 Fireball                 Conj/Fire      #.........   99%         5    ######.
 Lightning Bolt           Conj/Air       #.........   99%         5    ######.


Dungeon Overview and Level Annotations

Branches:
Dungeon (11/15)            Temple (1/1) D:7            Lair (0/6) D:11
  Sewer (visited)
    Orc: D:9-12

Altars:
Ashenzari
Cheibriados
Dithmenos
Elyvilon
Fedhas
Gozag
Hepliaklqana
Kikubaaqudgha
Makhleb
Nemelex Xobeh
Okawaru
Qazlal
Ru
Sif Muna
Trog
Uskayaw
Vehumet
Wu Jian
Xom
Yredelemnul
Zin
The Shining One

Shops:
D:10 !*


Innate Abilities, Weirdness & Mutations

You cannot wear most types of armour.
You are very stealthy in the water. (Stealth+)
You are amphibious.
You can wear up to eight rings at the same time.
You can use your tentacles to constrict eight enemies at once.
Your skin changes colour to match your surroundings (Stealth+).
Your rubbery body absorbs attacks. (AC +1, EV +1)


Message History

You kill the basilisk!
Cheibriados thoroughly appreciates the change of pace.
Your life force feels restored.
A gargoyle comes into view. It is wielding a -3 morningstar.
You hit the crocodile. You squeeze the crocodile.
The crocodile is moderately wounded.
The crocodile bites you.
* * * LOW HITPOINT WARNING * * *
You barely miss the crocodile. You squeeze the crocodile!
The crocodile is almost dead.
The crocodile completely misses you.
You riposte.
You slash the crocodile!
You kill the crocodile!
Cheibriados appreciates the change of pace.
Unknown command.
You slash the gargoyle! You grab the gargoyle.
You squeeze the gargoyle, but do no damage.
The gargoyle is heavily damaged.
You constrict the gargoyle.
The gargoyle hits you with a cursed -3 morningstar!!
You die...

#. #. # #.
##.###.## #
........## .#
..>......# #####.
.........####....
.<$...9@))).#.#.#
#.#......##.#.#.#
#.#.#..##[†#..#.#
.....#.....###.#.#
.^...
##.##..#.##.#
#.###
##.##.#.###.### #
..............#
##.###..###.#.#
##.###..###.#.####


You could see a gargoyle.

Vanquished Creatures
  Harold (D:8)
  A two-headed ogre (D:10)
  Pikel (D:7)
  An ugly thing (D:11)
  A centaur zombie (D:10)
  A gargoyle (D:10)
  2 trolls
  A hornet (D:11)
  Grinder (D:3)
  A hippogriff (D:10)
  2 wyverns (D:8)
  8 yaks
  A hungry ghost (D:8)
  A basilisk (D:11)
  Grum (D:9)
  A water moccasin (D:10)
  Duvessa (D:4)
  A black bear (D:9)
  6 orc warriors
  A phantom (D:8)
  6 ogres
  4 wolves (D:9)
  2 crocodiles
  5 bullfrogs
  A water moccasin zombie (D:5)
  Dowan (D:4)
  2 scorpions (D:8)
  8 killer bees
  5 howler monkeys
  12 wights
  A quasit (D:7)
  5 crimson imps
  2 jellies
  4 orc priests
  5 centaur skeletons
  3 bullfrog skeletons
  6 hounds
  2 iguanas
  16 orc wizards
  Natasha (thrice) (D:3)
  5 worker ants
  A hound zombie (D:8)
  Robin (D:4)
  7 gnolls
  10 adders
  3 shadow imps
  6 oozes
  2 adder zombies
  6 worms
  A dart slug (D:1)
  9 leopard geckos
  61 orcs
  7 ball pythons
  8 giant cockroaches
  17 goblins
  10 hobgoblins
  7 jackals
  17 kobolds
  2 quokkas
  14 bats
  3 frilled lizards
  A leopard gecko skeleton (D:7)
  2 leopard gecko zombies
  11 rats
338 creatures vanquished.

Vanquished Creatures (others)
  A howler monkey (D:7)
  An orc (D:10)
2 creatures vanquished.

Grand Total: 340 creatures vanquished

Notes
Turn   | Place    | Note
-------+----------+-------------------------------------------
     0 | D:1      | MisterFreud the Octopode Gladiator began the quest for the
                  | Orb.
     0 | D:1      | Reached XP level 1. HP: 14/14 MP: 1/1
   282 | D:1      | Reached skill level 1 in Stealth
   288 | D:1      | Reached XP level 2. HP: 19/20 MP: 2/2
   591 | D:1      | Reached XP level 3. HP: 26/26 MP: 3/3
  1057 | D:2      | Reached XP level 4. HP: 20/33 MP: 4/4
  1507 | D:2      | Found a burning altar of Makhleb.
  1914 | D:3      | Noticed Natasha
  1921 | D:3      | Killed Natasha
  1921 | D:3      | Reached XP level 5. HP: 27/37 MP: 5/5
  2020 | D:3      | Noticed Natasha
  2023 | D:3      | Killed Natasha
  2084 | D:3      | Reached skill level 5 in Stealth
  2154 | D:3      | Noticed Natasha
  2161 | D:3      | Killed Natasha
  2467 | D:3      | Found a hazy altar of Hepliaklqana.
  2483 | D:3      | Noticed Grinder
  2487 | D:3      | Paralysed by Grinder for 7 turns
  2495 | D:3      | Killed Grinder
  2495 | D:3      | Reached XP level 6. HP: 4/43 MP: 6/6
  2841 | D:3      | Found a sacrificial altar of Ru.
  2995 | D:4      | Noticed Dowan
  3081 | D:4      | Noticed Robin
  3110 | D:4      | Killed Robin
  3346 | D:4      | Found an iron altar of Okawaru.
  3606 | D:4      | Reached XP level 7. HP: 48/48 MP: 7/7
  3613 | D:4      | Noticed Duvessa
  3617 | D:4      | Killed Dowan
  4324 | D:5      | Entered Level 5 of the Dungeon
  4329 | D:5      | Found a glowing drain.
  4347 | Sewer    | Entered a sewer
  5046 | D:5      | Reached skill level 5 in Long Blades
  5150 | D:4      | Killed Duvessa
  5291 | D:5      | Reached skill level 1 in Shields
  5426 | D:5      | Found an opulent altar of Gozag.
  5471 | D:5      | Found a white marble altar of Elyvilon.
  5531 | D:5      | Reached XP level 8. HP: 36/54 MP: 8/8
  5901 | D:5      | Found an ornate altar of the Wu Jian Council.
  6121 | D:6      | Found a shimmering blue altar of Sif Muna.
  7608 | D:6      | Identified Sif Muna's Reference Book on Ice
  7755 | D:7      | Noticed a yak
  7755 | D:7      | Noticed a yak
  7755 | D:7      | Noticed a yak
  7756 | D:7      | Noticed a yak
  7776 | D:6      | Killed a yak
  7945 | D:6      | Killed a yak
  7945 | D:6      | Reached skill level 4 in Dodging
  7945 | D:6      | Reached XP level 9. HP: 15/58 MP: 9/9
  8182 | D:6      | Reached skill level 5 in Dodging
  8701 | D:7      | Reached skill level 6 in Dodging
  8981 | D:8      | Noticed Harold
  8998 | D:8      | Killed Harold
  8998 | D:8      | Reached skill level 8 in Dodging
  9362 | D:8      | Reached skill level 9 in Dodging
  9365 | D:8      | Reached XP level 10. HP: 55/63 MP: 10/10
  9978 | D:7      | Reached skill level 10 in Dodging
 10329 | D:7      | Noticed Pikel
 10336 | D:7      | Killed Pikel
 10506 | D:7      | Found a glowing golden altar of the Shining One.
 10666 | D:7      | Found a staircase to the Ecumenical Temple.
 10731 | Temple   | Entered the Ecumenical Temple
 10795 | Temple   | Became a worshipper of Cheibriados the Contemplative
 10841 | D:7      | Found a glowing silver altar of Zin.
 10841 | D:7      | Found an opulent altar of Gozag.
 11112 | D:8      | Reached skill level 11 in Dodging
 11790 | D:8      | Found a shadowy altar of Dithmenos.
 11936 | D:8      | Found a sparkling altar of Nemelex Xobeh.
 12035 | D:9      | Noticed Grum
 12048 | D:9      | Killed Grum
 12048 | D:9      | Reached * piety under Cheibriados
 12338 | D:9      | Found a hide-covered altar of Uskayaw.
 12728 | D:9      | Reached skill level 12 in Dodging
 13020 | D:9      | Found a glowing silver altar of Zin.
 13225 | D:10     | Entered Level 10 of the Dungeon
 13274 | D:10     | Reached XP level 11. HP: 26/69 MP: 11/11
 13792 | D:10     | Reached ** piety under Cheibriados
 14067 | D:10     | Noticed a two-headed ogre
 14074 | D:10     | Killed a two-headed ogre
 14074 | D:10     | Reached skill level 13 in Dodging
 14267 | D:10     | Found Yvuigeoc's Demolitions Depot.
 14448 | D:10     | Reached *** piety under Cheibriados
 14589 | D:10     | Found Qera's Distillery.
 14594 | D:10     | Bought a potion of heal wounds for 85 gold pieces
 14731 | D:10     | Reached skill level 1 in Invocations
 15326 | D:11     | Noticed a white ugly thing
 15334 | D:11     | Killed a white ugly thing
 15388 | D:11     | Found a staircase to the Lair.
 15436 | D:11     | Got a warped great sword
 15442 | D:11     | Identified the +3 great sword of Compassion {antimagic,
                  | Fragile rC+++ rN+ Dex+4} (You found it on level 11 of the
                  | Dungeon)
 15462 | D:11     | Reached **** piety under Cheibriados
 15481 | D:11     | Slain by a gargoyle

Levels and vault maps discovered:
D:1:      noname_arrival_rooms_in_the_neighbourhood, layout_basic
D:2:      layout_basic, lemuel_doored_altar, kennysheep_generic_room_12
D:3:      layout_loops_cross, lemuel_round_altar, lemuel_coloured_pillars_altar,
          uniq_natasha, uniq_grinder
D:4:      layout_basic, okawaru_gym_becter, uniq_robin, uniq_duvessa
D:5:      layout_rooms, lemuel_round_altar, kennysheep_mini_moat,
          portal_sewer_entry_f, first_ration,
          nicolae_gozag_cash_rules_everything_around_me
D:6:      layout_basic, led_sif_book
D:7:      layout_gridville, grunt_temple_overflow_gold_and_silver,
          minmay_temple_entry_waves, nicolae_tso_swordbearing_angel, uniq_pikel
D:8:      layout_gridville, overflow_temple_1_default, kennysheep_mini,
          uniq_harold
D:9:      layout_rooms, overflow_temple_1_default, basic_altar, grunt_ogre_cave,
          library_closet, uniq_grum
D:10:     layout_roguey, special_room [special_room_orc], serial_shops,
          kennysheep_little_box, nicolae_blasting_shop, corner_web_ring,
          lightli_orcish_oven
D:11:     layout_loops_ring, lair_entry_dummy, hiddenorc1_lemuel
Temple:   zaba_magenta_temple

Skill      XL: |  1  2  3  4  5  6  7  8  9 10 11 |
---------------+----------------------------------+-----
Stealth        | 1 2 4 8 |  8.0
Fighting       | 3 4 |  4.0
Long Blades    | 6 8 9 |  9.4
Shields        | 1 4 |  4.0
Dodging        | 4 9 12 13 | 13.2
Invocations    | 4 |  4.5
Throwing       | |  2.0

Action                   |  1- 3 |  4- 6 |  7- 9 | 10-12 || total
-------------------------+-------+-------+-------+-------++-------
Melee: Long sword        |    54 |    88 |   284 |   427 ||   853
       Constrict         |    14 |    26 |    70 |    92 ||   202
       Tentacles         |    15 |    14 |    86 |   176 ||   291
       Great sword       |       |       |       |    20 ||    20
Throw: Throwing net      |       |       |     1 |       ||     1
Evoke: Wand              |       |       |     2 |     1 ||     3
  Use: Scroll            |       |       |     9 |     4 ||    13
       Potion            |       |       |     4 |     2 ||     6
 Stab: Sleeping          |     5 |    16 |    24 |    21 ||    66
       Distracted        |       |       |     4 |     2 ||     6
       Held in net/web   |       |       |     1 |       ||     1
  Eat: Chunk             |       |     8 |    11 |    12 ||    31
       Ration            |       |       |     2 |     2 ||     4
Armor: Skin              |     4 |     4 |     9 |     6 ||    23
Dodge: Dodged            |    37 |    63 |   182 |   306 ||   588
Block: Buckler           |       |       |    41 |    86 ||   127
       Other             |       |       |       |     3 ||     3
       Rpst.: Long sword |    11 |    11 |    63 |    81 ||   166
       Great sword       |       |       |       |    15 ||    15

Table legend:
 A = Non-vault XP
 B = Vault XP
 C = Vault XP percentage of total XP
 D = Non-vault monster count
 E = Vault monster count
 F = Vault count percentage of total count
                 A         B        C        D         E       F
            +---------+---------+-------+---------+---------+-------
      Total |   12504 |    3521 |  22.0 |     254 |      84 |  24.9
            +---------+---------+-------+---------+---------+-------
        D:1 |      44 |       0 |   0.0 |      24 |       0 |   0.0
        D:2 |      83 |       1 |   1.2 |      24 |       1 |   4.0
        D:3 |     117 |     293 |  71.5 |      24 |       2 |   7.7
        D:4 |     144 |     247 |  63.2 |      12 |      13 |  52.0
        D:5 |     406 |      11 |   2.6 |      15 |       5 |  25.0
        D:6 |    1156 |      80 |   6.5 |      22 |       2 |   8.3
        D:7 |    1338 |     651 |  32.7 |      38 |       1 |   2.6
        D:8 |    1988 |    1018 |  33.9 |      31 |       1 |   3.1
        D:9 |     553 |     781 |  58.5 |      11 |       6 |  35.3
       D:10 |    4105 |     356 |   8.0 |      25 |      26 |  51.0
       D:11 |    2570 |       0 |   0.0 |      28 |       0 |   0.0
      Sewer |       0 |      83 | 100.0 |       0 |      27 | 100.0
            +---------+---------+-------+---------+---------+-------
